 Dungeon Sprint DCSS version 0.31-a0-43-g46d131a48f (webtiles) character file.

Game seed: 15957671785958893129

765 sircluck the Grappler (level 7, -4/80 HPs)
             Began as a Troll Berserker on May 19, 2023.
             Was an Elder of Trog.
             Slain by a boulder beetle (24 damage)
             ... in the Dungeon (Sprint II: "The Violet Keep of Menkaure").
             The game lasted 00:00:48 (142 turns).

sircluck the Grappler (Troll Berserker)              Turns: 142, Time: 00:00:48

Health: -4/80      AC:  4    Str: 28    XL:     7   Next: 52%
Magic:  6/6        EV: 11    Int:  3    God:    Trog [****..]
Gold:   243        SH:  0    Dex:  9    Spells: 6/6 levels left

rFire   . .          .
                       - Unarmed
rCold   x . .        (no shield)
rNeg    . . .        a - +0 animal skin
rPois   .            (helmet restricted)
rElec   .            (no cloak)
rCorr   .            (gloves unavailable)
SInv    .            (boots unavailable)
Will    .....        (no amulet)
Stlth   +            (no ring)
HPRegen 1.13/turn    (no ring)
MPRegen 0.10/turn

%: no teleportation
@: unable to drink
A: large, unfitting armour, claws 3, regeneration 1, shaggy fur 1, tough skin 1,
cold vulnerability 1, inability to drink after injury 2
a: Renounce Religion, Berserk, Trog's Hand, Brothers in Arms


You were in the Dungeon.
You worshipped Trog.
Trog was greatly pleased with you.
You visited 1 branch You collected 243 gold pieces.

Inventory:

Armour
 a - a +0 animal skin (worn)
Scrolls
 g - a scroll of blinking
Potions
 b - a potion of curing
 c - a potion of heal wounds
 d - a potion of haste
 e - 2 potions of magic
 f - a potion of berserk rage


   Skills:
 + Level 8.1 Fighting
 + Level 8.0 Dodging
 + Level 11.0 Unarmed Combat


You had 6 spell levels left.
You didn't know any spells.
Your spell library was empty.

Dungeon Overview and Level Annotations

Branches:
Dungeon (1/1)

Altars:


Innate Abilities, Weirdness & Mutations

You are too large for most types of armour.
You have claws for hands.
Your natural rate of healing is unusually fast.
You are covered in fur. (AC +1)
You have tough skin. (AC +1)
You are vulnerable to cold. (rC-)
You sometimes lose the ability to drink potions when taking damage.


Message History

You kill the neqoxec!
Trog accepts your kill.
The boulder beetle curls into a ball and begins rolling!
Your Dodging skill increases to level 8!
Your Unarmed Combat skill increases to level 11!
The boulder beetle hits you.
The boulder beetle stops rolling and uncurls.
You barely miss the boulder beetle.
The boulder beetle waves its antennae.
The boulder beetle bites you.
You scratch the boulder beetle but do no damage.
You scratch the boulder beetle but do no damage.
The boulder beetle misses you.
You scratch the boulder beetle but do no damage.
The boulder beetle bites you!!
You scratch the boulder beetle but do no damage.
You claw the boulder beetle, but do no damage.
The boulder beetle bites you!!
You feel threatened and lose the ability to drink potions!
You claw the boulder beetle! x2
The boulder beetle is moderately wounded.
The boulder beetle closely misses you.
You claw the boulder beetle!
The boulder beetle is heavily wounded.
You can drink potions again.
You scratch the boulder beetle but do no damage.
You claw the boulder beetle.
The boulder beetle is heavily wounded.
A water moccasin comes into view.
The boulder beetle bites you!!
You feel threatened and lose the ability to drink potions!
* * * LOW HITPOINT WARNING * * *
The water moccasin hisses angrily.
You claw the boulder beetle!
The boulder beetle is severely wounded.
The boulder beetle barely misses you.
You barely miss the boulder beetle.
The boulder beetle is severely wounded.
The boulder beetle bites you!!
You die...

## ## ##.
$## .. ..
## S#. #.#
#B#
#..##@###
#†.<.+#
#..##.##.#
#.###'###.#
## #.††# ##
#..#..#
##.#.##
##+##


You could see a boulder beetle and a water moccasin.

Vanquished Creatures
  3 neqoxecs (D)
  4 necrophages (D)
  4 scorpions (D)
11 creatures vanquished.

Vanquished Creatures (others)
  A neqoxec (D)
1 creature vanquished.

Grand Total: 12 creatures vanquished

Notes
Turn   | Place    | Note
-------+----------+-------------------------------------------
     0 | D        | sircluck the Troll Berserker began the quest for the Orb.
     0 | D        | Reached XP level 1. HP: 22/22 MP: 0/0
     1 | D        | Noticed a boulder beetle
     1 | D        | Noticed a boulder beetle
     5 | D        | Noticed a neqoxec
     5 | D        | Gained mutation: Your muscles are strong. (Str +4, Int/Dex
                  | -1) [a neqoxec]
    10 | D        | Noticed a neqoxec
    14 | D        | Killed a neqoxec
    15 | D        | Reached skill level 5 in Fighting
    15 | D        | Reached skill level 5 in Dodging
    15 | D        | Reached skill level 6 in Unarmed Combat
    15 | D        | Reached XP level 2. HP: 33/35 MP: 1/1
    15 | D        | Reached XP level 3. HP: 39/42 MP: 2/2
    15 | D        | Reached XP level 4. HP: 47/50 MP: 3/3
    16 | D        | Gained mutation: You are vulnerable to cold. (rC-) [a
                  | neqoxec]
    18 | D        | Gained mutation: You occasionally lose the ability to drink
                  | potions when taking damage. [a neqoxec]
    22 | D        | Lost mutation: Your muscles are strong. (Str +4, Int/Dex
                  | -1) [a neqoxec]
    23 | D        | Gained mutation: You sometimes lose the ability to drink
                  | potions when taking damage. [a neqoxec]
    25 | D        | Killed a neqoxec
    26 | D        | Reached skill level 8 in Unarmed Combat
    26 | D        | Reached XP level 5. HP: 47/61 MP: 4/4
    31 | D        | Killed a neqoxec
    41 | D        | Reached ** piety under Trog
    42 | D        | Reached XP level 6. HP: 32/68 MP: 5/5
    44 | D        | Reached skill level 9 in Unarmed Combat
    47 | D        | Reached *** piety under Trog
    62 | D        | Reached skill level 10 in Unarmed Combat
    62 | D        | Reached XP level 7. HP: 28/78 MP: 6/6
    71 | D        | Reached **** piety under Trog
   125 | D        | Noticed a neqoxec
   131 | D        | Killed a neqoxec
   132 | D        | Reached skill level 11 in Unarmed Combat
   142 | D        | Slain by a boulder beetle

Illustrated notes

Levels and vault maps discovered:
D:        the_violet_keep_of_menkaure [sprint2_stairs_cluster_1,
          sprint2_shoproom, sprint2_temple, sprint2_basic_supplies,
          sprint2_obstacle_1, sprint2_obstacle_4, sprint2_obstacle_5,
          sprint2_obstacle_2, sprint2_obstacle_3, sprint2_timed_cluster_1,
          sprint2_smallroom_cluster_1, sprint2_smallroom_final_cluster_1,
          sprint2_transparent_cluster_1, sprint2_second_timed_cluster_1,
          sprint2_sniper_area_1, sprint2_heavy_combat_area_1,
          sprint2_mutation_trap_area_1, sprint2_forest_area_1,
          sprint2_light_combat_area_1, sprint2_behind_water_1,
          sprint2_near_end_vault_1]

Skill      XL: |  1  2  3  4  5  6  7 |
---------------+----------------------+-----
Fighting       | 5 6 7 8 |  8.1
Dodging        | 5 6 7 8 |  8.0
Unarmed Combat | 6 8 10 11 | 11.0

Action                     |  1- 3 |  4- 6 |  7- 9 || total
---------------------------+-------+-------+-------++-------
  Melee: Unarmed           |     6 |    28 |    20 ||    54
         Punch             |       |       |     4 ||     4
 Armour: Animal skin       |     1 |     6 |     1 ||     8
  Dodge: Dodged            |     2 |    14 |     8 ||    24

Table legend: (Time is in decaauts)
 A = Elapsed time spent in this place.
 B = Non-inter-level travel time spent in this place.
 C = Inter-level travel time spent in this place.
 D = Time resting spent in this place.
 E = Time spent auto-exploring this place.
 F = Levels seen in this place.
 G = Mean time per level.
                   A        B        C        D        E       F      G
               +--------+--------+--------+--------+--------+-----+--------+
         Total |    133 |    133 |      0 |      2 |     53 |   1 |  133.0 |
       Dungeon |    133 |    133 |      0 |      2 |     53 |   1 |  133.0 |
               +--------+--------+--------+--------+--------+-----+--------+

Top non-repeatable levels by time:
       D: 133 daAuts
